 Dungeon Crawl Stone Soup version 0.13-a0-2474-g552a472 (webtiles) character file.

219 Rycklaryybbe the Cutter (level 4, 0/33 HPs)
             Began as a Demonspawn Assassin on July 18, 2013.
             Slain by Rycklaryybbe's ghost (2 damage)
             ... on Level 3 of the Dungeon.
             The game lasted 00:06:49 (2581 turns).

Rycklaryybbe the Cutter (Demonspawn Assassin)       Turns: 2581, Time: 00:06:49

HP   0/33        AC  6     Str 11      XL: 4   Next: 33%
MP  12/12        EV 11     Int  9 (12) God:
Gold 128         SH  0     Dex 16      Spells:  0 memorised,  3 levels left

Res.Fire  : . . .   See Invis. : .   i - +0 long sword
Res.Cold  : . . .   Warding    : .   c - +0 robe
Life Prot.: . . .   Conserve   : .   (no shield)
Res.Poison: .       Res.Corr.  : .   (no helmet)
Res.Elec. : .       Clarity    : .   d - +0 cloak
Sust.Abil.: . .     Spirit.Shd : .   (no gloves)
Res.Mut.  : .       Stasis     : .   p - +0 pair of boots
Res.Rott. : .       Flight     : .   (no amulet)
Saprovore : + . .                    (no ring)
                                     k - ring of magical power

@: glowing, slightly resistant to hostile enchantments, unstealthy
A: saprovore 1, AC +2
a: no special abilities


You were on level 3 of the Dungeon.
You were hungry.

You visited 1 branch of the dungeon, and saw 3 of its levels.

You collected 78 gold pieces.

Inventory:

Hand weapons
 a - a +2,+2 dagger {=f}
 b - a +0 blowgun
 i - a +0,+0 long sword (weapon)
Missiles
 e - 8 poisoned needles
 f - 2 curare-tipped needles
Armour
 c - a +0 robe (worn)
 d - a +0 cloak (worn)
 p - a +0 pair of boots (worn)
Comestibles
 g - 2 bread rations
 l - a pear
 o - a meat ration
 r - a chunk of hobgoblin flesh
Scrolls
 h - a scroll of identify
 j - a scroll of remove curse
Jewellery
 k - a ring of magical power (left hand)
 n - an uncursed ring of hunger
Potions
 m - a potion of invisibility
 q - a potion of speed {unknown}


   Skills:
 - Level 2.0 Fighting
 - Level 4.1 Short Blades
 + Level 1.0 Long Blades
 - Level 1.7 Throwing
 - Level 0.8 Dodging
 - Level 3.6 Stealth


You had 3 spell levels left.
You didn't know any spells.

Dungeon Overview and Level Annotations

Branches:
Dungeon (3/27)

Altars:

Annotations
D:3 Rycklaryybbe's ghost, average SpEn


Innate Abilities, Weirdness & Mutations

You are partially covered in slimy green scales (AC +2).
You can tolerate rotten meat.


Message History

Rycklaryybbe's ghost hits you but does no damage.
Rycklaryybbe's ghost gestures at you while chanting.
You fall asleep.
Rycklaryybbe's ghost hits you!
You wake up.
You hit Rycklaryybbe's ghost but do no damage.
Rycklaryybbe's ghost is heavily damaged.
Rycklaryybbe's ghost hits you but does no damage.
You miss Rycklaryybbe's ghost.
Rycklaryybbe's ghost is heavily damaged.
Rycklaryybbe's ghost gestures at you while chanting.
You resist.
Rycklaryybbe's ghost casts a spell at you.
You fall asleep.
You are no longer glowing.
Rycklaryybbe's ghost casts a spell at you.
You are outlined in light.
Rycklaryybbe's ghost hits you!
You wake up.
* * * LOW HITPOINT WARNING * * *
Rycklaryybbe's ghost hits you.
You die...

...##.## ..####.
....... ......#.
..... .......#.
.... ..........
#.. #......... #.#
#........ #.#
####..... #p#
#...#. #@###
#######.## #...#
...........
#...############..
#.................
##################


You could see Rycklaryybbe's ghost.

Vanquished Creatures
  A hound (D:3)
  2 adders
  A worm (D:2)
  2 giant cockroaches (D:2)
  6 hobgoblins
  3 kobolds (D:1)
  A ball python (D:2)
  7 bats
  5 goblins
  2 quokkas
  6 rats
36 creatures vanquished.

Notes
Turn   | Place    | Note
--------------------------------------------------------------
     0 | D:1      | Rycklaryybbe, the Demonspawn Assassin, began the quest for the Orb.
     0 | D:1      | Reached XP level 1. HP: 15/15 MP: 0/0
   350 | D:1      | Gained mutation: You can tolerate rotten meat. [demonic ancestry]
   350 | D:1      | Reached XP level 2. HP: 21/21 MP: 1/1
   469 | D:1      | HP: 1/21 [gnoll/runed flail (10)]
  1487 | D:2      | Reached XP level 3. HP: 26/26 MP: 2/2
  2053 | D:3      | Reached skill level 4 in Short Blades
  2053 | D:3      | Gained mutation: You are partially covered in slimy green scales (AC +2). [demonic ancestry]
  2053 | D:3      | Reached XP level 4. HP: 7/33 MP: 3/3
  2313 | D:3      | Reached skill level 1 in Long Blades
  2561 | D:3      | Noticed Rycklaryybbe's ghost (average SpEn)
  2581 | D:3      | Slain by Rycklaryybbe's ghost

Action                   |  1- 3 |  4- 6 || total
-------------------------+-------+-------++-------
Melee: Dagger            |   160 |       ||   160
       Long sword        |       |    25 ||    25
 Fire: Blowgun           |     7 |       ||     7
  Use: Potion            |     8 |       ||     8
       Scroll            |       |     2 ||     2
 Stab: Sleeping          |     3 |       ||     3
